PAA
DURHAM RAPIERS @ ATHLETIC CLUB KC ACADEMY
08/28/2023
 
TOP OF THE 1ST
Durham Rapiers batting - Pitching for Athletic Club KC Academy : LHP Fernando Durán
Pitching: LHP Fernando Durán
Batting: LHB Mayer Röhricht 0-0: Called Strike
0-1: Called Strike
0-2: Strikes out swinging
Batting: RHB Kevin Sanderson 0-0: Foul Ball, location: 2F
0-1: Ball
1-1: Foul Ball, location: 2F
1-2: Foul Ball, location: 2F
1-2: Strikes out swinging
Batting: SHB Brent Adams 0-0: Called Strike
0-1: SINGLE (Groundball, 6D)
Batting: RHB Augusto Flores 0-0: Ball
1-0: Foul Ball, location: 2F
1-1: Ball
2-1: 2-RUN HOME RUN (Flyball, 78XD), Distance : 400 ft
Batting: RHB Caleb Lee 0-0: Ball
1-0: Called Strike
1-1: Ball
2-1: Called Strike
2-2: Ball
3-2: Fly out, F4 (Line Drive, 4M)
Top of the 1st over - 2 run(s), 2 hit(s), 0 error(s), 0 left on base; Durham 2 - Athletic Club KC Academy 0
BOTTOM OF THE 1ST
Athletic Club KC Academy batting - Pitching for Durham Rapiers : RHP Gustavo Pérez
Pitching: RHP Gustavo Pérez
Batting: SHB António Montés 0-0: Ball
1-0: SINGLE (Line Drive, 7LS)
Batting: RHB Allen Williams 0-0: Ball
1-0: Ball
2-0: Ball
Wild Pitch!
António Montés to second
3-0: Base on Balls
Batting: SHB Fernando Luna 0-0: Called Strike
0-1: Ball
1-1: Ball
2-1: Called Strike
2-2: Foul Ball, location: 2F
2-2: Ball
3-2: Strikes out swinging
Batting: RHB Michael Walker 0-0: Ball
1-0: Swinging Strike
1-1: Swinging Strike
1-2: Strikes out looking
Batting: RHB Chris Teague 0-0: Ball
1-0: Ball
2-0: Ball
3-0: Base on Balls
António Montés to third
Allen Williams to second
Batting: RHB Geoff Rivers 0-0: Foul Ball, location: 2F
0-1: Foul Ball, location: 2F
0-2: Foul Ball, location: 2F
0-2: Fly out, F8 (Flyball, 8RM)
Bottom of the 1st over - 0 run(s), 1 hit(s), 0 error(s), 3 left on base; Durham 2 - Athletic Club KC Academy 0
TOP OF THE 2ND
Durham Rapiers batting - Pitching for Athletic Club KC Academy : LHP Fernando Durán
Batting: RHB Vincent Klein 0-0: Foul Ball, location: 2F
0-1: Ball
1-1: Ball
2-1: Called Strike
2-2: Foul Ball, location: 2F
2-2: Ball
3-2: SINGLE (Line Drive, 89S)
Batting: LHB Davis Anderson 0-0: Ball
1-0: Ball
2-0: SINGLE (Line Drive, 5L)
Vincent Klein to second
Batting: RHB Jorge López 0-0: Ball
1-0: Ball
Wild Pitch!
Vincent Klein to third
Davis Anderson to second
2-0: Ball
3-0: Called Strike
3-1: Fly out, F9 (Flyball, 9M)
Runner from 3rd tags up, SCORES, throw made
Batting: SHB Ramón Pérez 0-0: Foul Ball, location: 2F
0-1: Ball
1-1: Fly out, F7 (Flyball, 7M)
Batting: LHB Mayer Röhricht 0-0: Swinging Strike
0-1: Ball
1-1: Ball
2-1: Ball
3-1: Base on Balls
Batting: RHB Kevin Sanderson 0-0: Ball
1-0: Ball
2-0: Fly out, F6 (Popup, 5)
Top of the 2nd over - 1 run(s), 2 hit(s), 0 error(s), 2 left on base; Durham 3 - Athletic Club KC Academy 0
BOTTOM OF THE 2ND
Athletic Club KC Academy batting - Pitching for Durham Rapiers : RHP Gustavo Pérez
Batting: RHB Manuel Canó 0-0: Ball
1-0: Swinging Strike
1-1: Ground out 4-3 (Groundball, 4)
Batting: RHB Bob Curry 0-0: Foul Ball, location: 2F
0-1: Ball
1-1: Fly out, F3 (Popup, 3F)
Batting: RHB Larry Johnston 0-0: Called Strike
0-1: Ball
1-1: Swinging Strike
1-2: Foul Ball, location: 2F
1-2: Foul Ball, location: 2F
1-2: Strikes out swinging
Bottom of the 2nd over - 0 run(s), 0 hit(s), 0 error(s), 0 left on base; Durham 3 - Athletic Club KC Academy 0
TOP OF THE 3RD
Durham Rapiers batting - Pitching for Athletic Club KC Academy : LHP Fernando Durán
Batting: SHB Brent Adams 0-0: Ball
1-0: Ground out 6-3 (Groundball, 6)
Batting: RHB Augusto Flores 0-0: SINGLE (Groundball, 6MD)
Batting: RHB Caleb Lee 0-0: Ball
1-0: Ball
2-0: Fly out, F6 (Popup, 6MD)
Batting: RHB Vincent Klein 0-0: Ball
1-0: SINGLE (Groundball, 56D)
Augusto Flores to second
Batting: LHB Davis Anderson 0-0: Called Strike
0-1: Called Strike
0-2: Strikes out looking
Top of the 3rd over - 0 run(s), 2 hit(s), 0 error(s), 2 left on base; Durham 3 - Athletic Club KC Academy 0
BOTTOM OF THE 3RD
Athletic Club KC Academy batting - Pitching for Durham Rapiers : RHP Gustavo Pérez
Batting: SHB António Montés 0-0: Ball
1-0: SINGLE (Flyball, 8RS)
Batting: RHB Allen Williams 0-0: Ball
1-0: Called Strike
1-1: Ball
António Montés is caught stealing 2nd base
2-1: Ground out 3-4 (Groundball, 3)
Batting: SHB Fernando Luna 0-0: Ball
1-0: Called Strike
1-1: Foul Ball, location: 2F
1-2: Fly out, F8 (Flyball, 8RS)
Bottom of the 3rd over - 0 run(s), 1 hit(s), 0 error(s), 0 left on base; Durham 3 - Athletic Club KC Academy 0
TOP OF THE 4TH
Durham Rapiers batting - Pitching for Athletic Club KC Academy : LHP Fernando Durán
Batting: RHB Jorge López 0-0: Swinging Strike
0-1: Ball
1-1: Ground out 5-3 (Groundball, 56S)
Batting: SHB Ramón Pérez 0-0: Ball
1-0: SINGLE (Groundball, 6M) (infield hit)
Batting: LHB Mayer Röhricht 0-0: Ground out 3-1 (Groundball, 34S)
Ramón Pérez to second
Batting: RHB Kevin Sanderson 0-0: Ball
1-0: Called Strike
1-1: Ball
2-1: Ground out 6-3 (Groundball, 6)
Top of the 4th over - 0 run(s), 1 hit(s), 0 error(s), 1 left on base; Durham 3 - Athletic Club KC Academy 0
BOTTOM OF THE 4TH
Athletic Club KC Academy batting - Pitching for Durham Rapiers : RHP Gustavo Pérez
Batting: RHB Michael Walker 0-0: Ball
1-0: Foul Ball, location: 2F
1-1: Called Strike
1-2: Strikes out swinging
Batting: RHB Chris Teague 0-0: Foul Ball, location: 2F
0-1: Swinging Strike
0-2: Ball
1-2: Ball
2-2: SINGLE (Groundball, 56)
Batting: RHB Geoff Rivers 0-0: Foul Ball, location: 2F
0-1: Ball
1-1: Ball
2-1: Ball
3-1: Foul Ball, location: 2F
3-2: Grounds into double play, 4-6-3 (Groundball, 4)
Bottom of the 4th over - 0 run(s), 1 hit(s), 0 error(s), 0 left on base; Durham 3 - Athletic Club KC Academy 0
TOP OF THE 5TH
Durham Rapiers batting - Pitching for Athletic Club KC Academy : LHP Fernando Durán
Batting: SHB Brent Adams 0-0: Foul Ball, location: 2F
0-1: Fly out, F3 (Popup, 3F)
Batting: RHB Augusto Flores 0-0: Foul Ball, location: 2F
0-1: Swinging Strike
0-2: Ball
1-2: Ball
2-2: Foul Ball, location: 2F
2-2: Foul Ball, location: 2F
2-2: Foul Ball, location: 2F
2-2: Ball
3-2: Base on Balls
Batting: RHB Caleb Lee 0-0: Foul Ball, location: 2F
0-1: Swinging Strike
0-2: Ball
1-2: Foul Ball, location: 2F
1-2: Foul Ball, location: 2F
1-2: Ball
2-2: SINGLE (Groundball, 6D)
Augusto Flores to second
Pitching: RHP Jake Hawkins
Batting: RHB Vincent Klein 0-0: Ball
1-0: Ball
2-0: Foul Ball, location: 2F
2-1: Swinging Strike
2-2: Grounds into double play, 4-6-3 (Groundball, 4)
Top of the 5th over - 0 run(s), 1 hit(s), 0 error(s), 1 left on base; Durham 3 - Athletic Club KC Academy 0
BOTTOM OF THE 5TH
Athletic Club KC Academy batting - Pitching for Durham Rapiers : RHP Gustavo Pérez
Batting: RHB Manuel Canó 0-0: Ball
1-0: Foul Ball, location: 2F
1-1: Ball
2-1: Ball
3-1: Base on Balls
Batting: RHB Bob Curry 0-0: Called Strike
0-1: Called Strike
0-2: Foul Ball, location: 2F
0-2: Ground out 3-1 (Groundball, 34S)
Manuel Canó to second
Batting: RHB Larry Johnston 0-0: Foul Ball, location: 2F
0-1: Ball
1-1: Ball
2-1: Swinging Strike
2-2: Foul Ball, location: 2F
2-2: Strikes out swinging
Batting: SHB António Montés 0-0: Fly out, F8 (Flyball, 8RXD)
Bottom of the 5th over - 0 run(s), 0 hit(s), 0 error(s), 1 left on base; Durham 3 - Athletic Club KC Academy 0
TOP OF THE 6TH
Durham Rapiers batting - Pitching for Athletic Club KC Academy : RHP Jake Hawkins
Batting: LHB Davis Anderson 0-0: Called Strike
0-1: Called Strike
0-2: Ball
1-2: Ball
2-2: Fly out, F4 (Line Drive, 4)
Batting: RHB Jorge López 0-0: Foul Ball, location: 2F
0-1: Ball
1-1: Foul Ball, location: 2F
1-2: Ball
2-2: Foul Ball, location: 2F
2-2: Strikes out swinging
Batting: SHB Ramón Pérez 0-0: Ball
1-0: Called Strike
1-1: Ball
2-1: Called Strike
2-2: Ball
3-2: Base on Balls
Batting: LHB Mayer Röhricht 0-0: Called Strike
0-1: Ball
Ramón Pérez steals 2nd base
1-1: Swinging Strike
1-2: Foul Ball, location: 2F
1-2: Foul Ball, location: 2F
1-2: Ball
2-2: Strikes out looking
Top of the 6th over - 0 run(s), 0 hit(s), 0 error(s), 1 left on base; Durham 3 - Athletic Club KC Academy 0
BOTTOM OF THE 6TH
Athletic Club KC Academy batting - Pitching for Durham Rapiers : RHP Gustavo Pérez
Batting: RHB Allen Williams 0-0: Called Strike
0-1: Called Strike
0-2: Ball
1-2: Foul Ball, location: 2F
1-2: Strikes out swinging
Batting: SHB Fernando Luna 0-0: Ball
1-0: Called Strike
1-1: Ball
2-1: Called Strike
2-2: Fly out, F6 (Popup, 6S)
Batting: RHB Michael Walker 0-0: Ball
1-0: Called Strike
1-1: Ball
2-1: Called Strike
2-2: Strikes out looking
Bottom of the 6th over - 0 run(s), 0 hit(s), 0 error(s), 0 left on base; Durham 3 - Athletic Club KC Academy 0
TOP OF THE 7TH
Durham Rapiers batting - Pitching for Athletic Club KC Academy : RHP Jake Hawkins
Batting: RHB Kevin Sanderson 0-0: Ball
1-0: Ball
2-0: Ball
3-0: Base on Balls
Batting: SHB Brent Adams 0-0: Called Strike
0-1: Ball
1-1: Ball
2-1: Ball
3-1: Foul Ball, location: 2F
3-2: Ground out 4-3 (Groundball, 4)
Kevin Sanderson to second
Batting: RHB Augusto Flores 0-0: Ball
1-0: Swinging Strike
1-1: Ground out 5-3 (Groundball, 56S)
Kevin Sanderson to third
Batting: RHB Caleb Lee 0-0: Ball
1-0: Ball
2-0: Called Strike
2-1: Called Strike
2-2: Strikes out swinging
Top of the 7th over - 0 run(s), 0 hit(s), 0 error(s), 1 left on base; Durham 3 - Athletic Club KC Academy 0
BOTTOM OF THE 7TH
Athletic Club KC Academy batting - Pitching for Durham Rapiers : RHP Gustavo Pérez
Batting: RHB Chris Teague 0-0: Ball
1-0: Called Strike
1-1: Fly out, F7 (Flyball, 78M)
Batting: RHB Geoff Rivers 0-0: Foul Ball, location: 2F
0-1: Ground out 6-3 (Groundball, 6)
Batting: RHB Manuel Canó 0-0: Ball
1-0: SINGLE (Groundball, 6D)
Batting: RHB Bob Curry 0-0: Ball
1-0: Called Strike
1-1: Foul Ball, location: 2F
1-2: Fly out, F8 (Flyball, 8RM)
Bottom of the 7th over - 0 run(s), 1 hit(s), 0 error(s), 1 left on base; Durham 3 - Athletic Club KC Academy 0
TOP OF THE 8TH
Durham Rapiers batting - Pitching for Athletic Club KC Academy : RHP Jake Hawkins
Batting: RHB Vincent Klein 0-0: Reached on Error, E9 (Flyball, 9M)
Batting: LHB Davis Anderson 0-0: Sac Bunt - play at first, batter OUT! 1-3
Vincent Klein to second
Batting: RHB Jorge López 0-0: Intentional Walk
Batting: SHB Ramón Pérez 0-0: Called Strike
0-1: Swinging Strike
0-2: SINGLE (Line Drive, 4D)
Vincent Klein to third
Jorge López to second
Batting: LHB Mayer Röhricht 0-0: Ball
1-0: Ball
2-0: Ball
Wild Pitch!
Vincent Klein scores
Jorge López to third
Ramón Pérez to second
3-0: Called Strike
3-1: Base on Balls
Batting: RHB Kevin Sanderson 0-0: Ball
1-0: Ball
2-0: Swinging Strike
2-1: Ball
3-1: Base on Balls
Jorge López scores
Ramón Pérez to third
Mayer Röhricht to second
Batting: SHB Brent Adams 0-0: Called Strike
0-1: Foul Ball, location: 2F
0-2: Strikes out swinging
Batting: RHB Augusto Flores 0-0: Ball
1-0: Ball
2-0: Ball
3-0: Base on Balls
Ramón Pérez scores
Mayer Röhricht to third
Kevin Sanderson to second
Pitching: LHP Ignacio López
Batting: RHB Caleb Lee 0-0: Called Strike
0-1: Fly out, F8 (Flyball, 8RS)
Top of the 8th over - 3 run(s), 1 hit(s), 1 error(s), 3 left on base; Durham 6 - Athletic Club KC Academy 0
BOTTOM OF THE 8TH
Athletic Club KC Academy batting - Pitching for Durham Rapiers : RHP Gustavo Pérez
Batting: RHB Larry Johnston 0-0: Called Strike
0-1: Fly out, F4 (Line Drive, 4)
Batting: SHB António Montés 0-0: Ball
1-0: Foul Ball, location: 2F
1-1: Ball
2-1: Foul Ball, location: 2F
2-2: DOUBLE (Line Drive, 8RS)
Batting: RHB Allen Williams 0-0: Ball
1-0: DOUBLE (Line Drive, 7LM)
António Montés scores
Batting: SHB Fernando Luna 0-0: Ball
1-0: Ball
2-0: Foul Ball, location: 2F
2-1: Called Strike
2-2: Ball
3-2: Fly out, F4 (Line Drive, 34)
3-2: Lined into DP, 4-6 (Line Drive, 34)
Bottom of the 8th over - 1 run(s), 2 hit(s), 0 error(s), 0 left on base; Durham 6 - Athletic Club KC Academy 1
TOP OF THE 9TH
Durham Rapiers batting - Pitching for Athletic Club KC Academy : LHP Ignacio López
Batting: RHB Vincent Klein 0-0: Fly out, F8 (Line Drive, 8LM)
Batting: LHB Davis Anderson 0-0: Foul Ball, location: 2F
0-1: DOUBLE (Line Drive, 89D)
Batting: RHB Jorge López 0-0: Ball
1-0: Swinging Strike
1-1: Fly out, F8 (Flyball, 8RM)
Batting: SHB Ramón Pérez 0-0: Ball
1-0: Fly out, F9 (Flyball, 89M)
Top of the 9th over - 0 run(s), 1 hit(s), 0 error(s), 1 left on base; Durham 6 - Athletic Club KC Academy 1
BOTTOM OF THE 9TH
Athletic Club KC Academy batting - Pitching for Durham Rapiers : RHP Gustavo Pérez
Pitching: LHP Jim Unknown
Now at C: Luis Dávila
Batting: RHB Michael Walker 0-0: Ball
1-0: Foul Ball, location: 2F
1-1: Ball
2-1: SINGLE (Groundball, 56D)
Batting: RHB Chris Teague 0-0: Ball
1-0: SINGLE (Groundball, 6MD)
Michael Walker to second
Batting: RHB Geoff Rivers 0-0: Foul Ball, location: 2F
0-1: Called Strike
0-2: Ball
1-2: Foul Ball, location: 2F
1-2: Fly out, F9 (Flyball, 9M)
Batting: RHB Manuel Canó 0-0: Called Strike
0-1: Ball
1-1: Swinging Strike
1-2: Strikes out swinging
Batting: RHB Bob Curry 0-0: Ball
1-0: Foul Ball, location: 2F
1-1: Called Strike
1-2: Ball
2-2: Foul Ball, location: 2F
2-2: Strikes out swinging
Bottom of the 9th over - 0 run(s), 2 hit(s), 0 error(s), 2 left on base; Durham 6 - Athletic Club KC Academy 1
This league is powered by Out of the Park Baseball, the baseball management simulation game for PC, Mac and Linux
Friday, July 8th, 2016 - OOTP Baseball 16.9 Build 39